 Dungeon Crawl Stone Soup version 0.31-a0-986-g5e6e4ef867 (webtiles) character file.

Game seed: 2137088800649479506

105 Demosthentine the Poker (level 4, 0/34 HPs)
             Began as a Demonspawn Gladiator on Nov 16, 2023.
             Slain by Terence
             ... wielding a +1 mace of protection
              (8 damage)
             ... on level 2 of the Dungeon.
             The game lasted 00:02:12 (1751 turns).

Demosthentine the Poker (Demonspawn Gladiator)      Turns: 1751, Time: 00:02:13

Health: 0/34       AC:  4    Str: 16    XL:     4   Next: 53%
Magic:  4/4        EV: 12    Int:  9    God:
Gold:   97         SH:  0    Dex: 15    Spells: 3/3 levels left

rFire   . . .        a - +0 trident
rCold   . . .        (no shield)
rNeg    . . .        b - +0 leather armour
rPois   .            c - +0 helmet
rElec   .            (no cloak)
rCorr   .            (no gloves)
SInv    .            (no boots)
Will    .....        (no amulet)
Stlth   +            (no ring)
HPRegen 0.25/turn    (no ring)
MPRegen 0.09/turn

%: no passive effects
@: no status effects
A: foul stench 1, spiny 1
a: no special abilities


You were on level 2 of the Dungeon.
You visited 1 branch of the dungeon, and saw 3 of its levels.

You collected 97 gold pieces.

Inventory:

Hand Weapons
 a - a +0 trident (weapon)
Missiles
 d - 4 throwing nets (quivered)
 e - a javelin
Armour
 b - a +0 leather armour (worn)
 c - a +0 helmet (worn)
 k - a +0 buckler
Scrolls
 g - 2 scrolls of revelation
Potions
 f - 3 potions of haste {unknown}
 l - 2 potions of magic {unknown}
 n - a potion of might


   Skills:
 + Level 2.8 Fighting
 + Level 3.3 Polearms
 - Level 1.7 Throwing
 + Level 1.6 Armour
 + Level 3.3 Dodging
 + Level 0.8 Shields


You had 3 spell levels left.
You didn't know any spells.
Your spell library was empty.

Dungeon Overview and Level Annotations

Branches:
Dungeon (3/15)

Altars:

Annotations:
D:2 Terence
D:3 Ijyb


Innate Abilities, Weirdness & Mutations

You may rarely emit foul miasma when damaged in melee.
You are partially covered in sharp spines.


Message History

You climb upwards.
There is a stone staircase leading down here.
You hit Terence but do no damage.
Terence is lightly wounded.
Terence barely misses you.
You hit Terence but do no damage.
Terence is lightly wounded.
Terence says, "How do you enjoy it?" Terence barely misses you.
You closely miss Terence.
Terence is lightly wounded.
Terence hits you with a +1 mace of protection!
You hit Terence.
Terence is lightly wounded.
Terence closely misses you.
You hit Terence.
Terence is moderately wounded.
Terence is struck by your spines.
Terence hits you with a +1 mace of protection.
You hit Terence.
Terence is heavily wounded.
Terence hits you with a +1 mace of protection!
You are too injured to fight recklessly!
You are too injured to fight recklessly!
You are too injured to fight recklessly!
You are too injured to fight recklessly!
You barely miss Terence.
Terence is heavily wounded.
Terence barely misses you. x2
You barely miss Terence.
Terence is heavily wounded.
Terence hits you with a +1 mace of protection.
You hit Terence but do no damage.
Terence is heavily wounded.
Terence hits you with a +1 mace of protection!
* * * LOW HITPOINT WARNING * * *
You hit Terence but do no damage.
Terence is heavily wounded.
Terence hits you with a +1 mace of protection!
You die...

#.##.# #.# #.##.# #.# # ####....#
#.# ## ......### #####.# #.
......# #.....# #. ###.#.#
#.##### ####. # #.#.# #.# #.... #
#.#.#####.# ######### ###....
###.#....)..###.@.....#####......
....######......@................
##..........###.#########.#......
##..............# #.###....
##..######..##..# #.# #.... ##<.#
#..##..# #.####..# ##..#
#..##..#########.#...... ##..#
#..##..............##.##
##..######..##.##.......<......##


You could see Terence.

Vanquished Creatures
  3 gnolls (D:2)
  3 adders (D:2)
  A dart slug (D:1)
  4 bats (D:1)
  4 endoplasms
  A giant cockroach (D:1)
  A goblin (D:1)
  4 hobgoblins
  4 jackals (D:1)
  3 quokkas
  5 ball pythons (D:1)
  2 frilled lizards (D:1)
  6 kobolds
  8 rats
49 creatures vanquished.

Notes
Turn   | Place    | Note
-------+----------+-------------------------------------------
     0 | D:1      | Demosthentine the Demonspawn Gladiator began the quest for
                  | the Orb.
     0 | D:1      | Reached XP level 1. HP: 16/16 MP: 1/1
     0 | D:1      | Noticed a tengu
     1 | D:1      | Noticed a felid
     2 | D:1      | Noticed a vine stalker
     4 | D:1      | Noticed a minotaur
     6 | D:1      | Noticed a human
     7 | D:1      | Noticed a ghoul
     8 | D:1      | Noticed a minotaur
     9 | D:1      | Noticed a gargoyle
    13 | D:1      | Noticed an ogre
    13 | D:1      | Noticed an ogre
    15 | D:1      | Noticed a merfolk
    15 | D:1      | Noticed a demonspawn
    17 | D:1      | Noticed a minotaur
    17 | D:1      | Noticed a vampire
    17 | D:1      | Noticed a formicid
    21 | D:1      | Noticed an octopode
   114 | D:1      | Gained mutation: You may rarely emit foul miasma when
                  | damaged in melee. [demonic ancestry]
   114 | D:1      | Reached XP level 2. HP: 22/22 MP: 2/2
   533 | D:1      | Reached skill level 1 in Armour
   692 | D:1      | Gained mutation: You are partially covered in sharp spines.
                  | [demonic ancestry]
   692 | D:1      | Reached XP level 3. HP: 22/28 MP: 3/3
  1280 | D:2      | Reached XP level 4. HP: 31/34 MP: 4/4
  1738 | D:3      | Noticed Ijyb
  1738 | D:3      | Noticed Terence
  1751 | D:2      | Slain by Terence

Illustrated notes

Levels and vault maps discovered:
D:1:      shiori_arrival_whats_in_store_for_you, layout_loops_ring
D:2:      layout_loops_ring
D:3:      layout_basic, lemuel_crystal_altar, mainiacjoe_overflow_chevrons,
          ebering_ecumenical_altar_webs, uniq_ijyb, uniq_terence, uniq_natasha

Skill      XL: |  1  2 |
---------------+-------+-----
Polearms       | 3 |  3.3
Armour         | 1 |  1.6
Dodging        | 3 |  3.3
Fighting       | |  2.8
Throwing       | |  1.7
Shields        | |  0.8

Action                     |  1- 3 |  4- 6 || total
---------------------------+-------+-------++-------
  Melee: Trident           |   130 |    26 ||   156
    Use: Scroll            |     4 |     4 ||     8
   Stab: Sleeping          |     3 |       ||     3
 Armour: Leather armour    |    55 |    13 ||    68
  Dodge: Dodged            |    63 |    12 ||    75

Table legend: (Time is in decaauts)
 A = Elapsed time spent in this place.
 B = Non-inter-level travel time spent in this place.
 C = Inter-level travel time spent in this place.
 D = Time resting spent in this place.
 E = Time spent auto-exploring this place.
 F = Levels seen in this place.
 G = Mean time per level.
                   A        B        C        D        E       F      G
               +--------+--------+--------+--------+--------+-----+--------+
         Total |   1774 |   1729 |     45 |      0 |   1397 |   3 |  591.3 |
       Dungeon |   1774 |   1729 |     45 |      0 |   1397 |   3 |  591.3 |
               +--------+--------+--------+--------+--------+-----+--------+

Top non-repeatable levels by time:
     D:1: 923 daAuts
     D:2: 848 daAuts
     D:3: 2 daAuts
